[Event "Titled Tuesday Blitz May 23 Early 2023"]
[White "Kuzmin, Roman"]
[Black "Aung Thant Zin"]
[WhiteFideId "44134932"]
[BlackFideId "13000063"]
[WhiteElo "2122"]
[BlackElo "2278"]
[Result "1-0"]
[Round "01"]
[TimeControl "180+2"]
[Date "2023.05.23"]
[WhiteClock "0:01:41"]
[BlackClock "0:01:22"]

1. e4 c5 2. Nf3 Nc6 3. d4 cxd4 4. Nxd4 Nf6 5. Nc3 d6 6. Bg5 e6 7. Qd2 a6 8. O-O-O h6 9. Bh4 Nxe4 10. Nxe4 Qxh4 11. Qe3 d5 12. Nxc6 bxc6 13. Qb6 Bd7 14. Nc5 Qf4+ 15. Kb1 Rb8 16. Qa7 Qb4 17. Qxd7# 1-0


[Site "https://www.chess.com"]

[Event "Titled Tuesday Blitz May 23 Early 2023"]
[White "Singgih, Diajeng Theresa"]
[Black "Mladek, Richard"]
[WhiteFideId "7104391"]
[BlackFideId "386588"]
[WhiteElo "1891"]
[BlackElo "2332"]
[Result "0-1"]
[Round "01"]
[TimeControl "180+2"]
[Date "2023.05.23"]
[WhiteClock "0:00:00"]
[BlackClock "0:00:37"]

1. e4 e5 2. Nf3 Nc6 3. Bb5 a6 4. Ba4 Nge7 5. O-O b5 6. Bb3 Ng6 7. d4 Nxd4 8. Nxd4 exd4 9. Qxd4 Bb7 10. Qd1 Bd6 11. f4 Qh4 12. e5 Bc5+ 13. Kh1 O-O-O 14. Bd5 d6 15. Bxb7+ Kxb7 16. a4 b4 17. Qd5+ c6 18. Qc4 Nxe5 19. Qe2 Ng4 20. g3 Qh3 21. Qg2 Qxg2+ 22. Kxg2 Rhe8 23. h3 Ne3+ 24. Bxe3 Rxe3 25. Nd2 Re2+ 26. Kf3 Rxd2 0-1


[Site "https://www.chess.com"]

[Event "Titled Tuesday Blitz May 23 Early 2023"]
[White "Arat, Ufuk Sezen"]
[Black "Castillo Pena, Patricia Evarista"]
[WhiteFideId "6309089"]
[BlackFideId "6412106"]
[WhiteElo "2289"]
[BlackElo "1919"]
[Result "1-0"]
[Round "01"]
[TimeControl "180+2"]
[Date "2023.05.23"]
[WhiteClock "0:00:13"]
[BlackClock "0:00:06"]

1. e4 c5 2. Nf3 d6 3. d4 cxd4 4. Nxd4 Nf6 5. Nc3 a6 6. Be3 e5 7. Nf3 Be7 8. Bc4 Be6 9. Qe2 Qc8 10. Bb3 O-O 11. O-O Nc6 12. Rad1 Rd8 13. Na4 Nd7 14. Bxe6 fxe6 15. Qc4 Kf7 16. Nb6 Nxb6 17. Bxb6 Rd7 18. Rd3 Nd4 19. Qxc8 Rxc8 20. Bxd4 exd4 21. Rxd4 Rxc2 22. Ne5+ Ke8 23. Nxd7 Kxd7 24. Rb1 Bf6 25. Rdd1 Re2 26. f3 Be5 27. g3 g5 28. Rf1 Bd4+ 29. Kh1 e5 30. f4 gxf4 31. gxf4 exf4 32. Rxf4 Be5 33. Rh4 Kc6 34. a4 b5 35. a5 Kc5 36. b4+ Kc4 37. Rxh7 Rxe4 38. Rc7+ Kd5 39. Rc2 Rc4 40. Rd1+ Ke6 41. Rxc4 bxc4 42. b5 axb5 43. a6 c3 44. a7 c2 45. Rc1 b4 46. a8=Q b3 47. Qg8+ Kf5 48. Qxb3 1-0


[Site "https://www.chess.com"]

[Event "Titled Tuesday Blitz May 23 Early 2023"]
[White "Saim, Mohamed Ilias"]
[Black "Bethke, Richard"]
[WhiteFideId "7900465"]
[BlackFideId "12959243"]
[WhiteElo "2063"]
[BlackElo "2369"]
[Result "1-0"]
[Round "01"]
[TimeControl "180+2"]
[Date "2023.05.23"]
[WhiteClock "0:00:21"]
[BlackClock "0:00:57"]

1. c4 Nf6 2. Nc3 e6 3. g3 d5 4. Bg2 Be7 5. d4 O-O 6. Nf3 b6 7. cxd5 exd5 8. O-O Bb7 9. Ne5 Nbd7 10. f4 c5 11. e3 Rc8 12. Kh1 cxd4 13. exd4 Ne4 14. Qd3 f6 15. Nxd7 Qxd7 16. Nxe4 dxe4 17. Bxe4 Bc5 18. Be3 Kh8 19. Rad1 Rce8 20. Bxb7 Qxb7+ 21. Kg1 Bd6 22. Bf2 Rf7 23. Rfe1 Rg8 24. Qe4 Qd7 25. Qe6 Qd8 26. Qxf7 g5 27. Re6 Rf8 28. Qh5 gxf4 29. Rde1 fxg3 30. hxg3 Bxg3 31. Bxg3 Qxd4+ 32. Kh2 Rg8 33. Re8 Qd2+ 34. R1e2 Qd3 35. Rxg8+ Kxg8 36. Qe8+ Kg7 37. Re7+ Kh6 38. Bf4# 1-0


[Site "https://www.chess.com"]

[Event "Titled Tuesday Blitz May 23 Early 2023"]
[White "gueraumasague"]
[Black "Semenova, Alina"]
[BlackFideId "24113875"]
[WhiteElo "2514"]
[BlackElo "1833"]
[Result "1-0"]
[Round "01"]
[TimeControl "180+2"]
[Date "2023.05.23"]
[WhiteClock "0:00:13"]
[BlackClock "0:00:00"]

1. e4 e5 2. Nc3 Nf6 3. Bc4 Bc5 4. d3 O-O 5. Nf3 d6 6. h3 Nbd7 7. a3 a5 8. O-O c6 9. Ba2 b5 10. Ne2 b4 11. a4 Qb6 12. Ng3 Re8 13. c3 Ba6 14. d4 exd4 15. cxd4 Bxf1 16. Nxf1 Nxe4 17. Be3 Rad8 18. Qc2 Qc7 19. dxc5 Ndxc5 20. N1d2 Nxd2 21. Nxd2 Ne6 22. Rc1 c5 23. Bd5 Qd7 24. Nc4 Nc7 25. Be4 d5 26. Bxh7+ Kh8 27. Bf5 Ne6 28. Nxa5 c4 29. Qd1 Qc7 30. Qh5+ Kg8 31. Qh7+ Kf8 32. Nb3 Qe5 33. Bxe6 Rxe6 34. Nd4 Rg6 35. Qh4 f6 36. b3 Rc8 37. Bf4 Qxd4 38. Bd6+ Kf7 39. Qxd4 c3 40. Qxd5+ 1-0


[Site "https://www.chess.com"]

[Event "Titled Tuesday Blitz May 23 Early 2023"]
[White "stratacticos"]
[Black "Ezat, Mohamed"]
[BlackFideId "10600906"]
[WhiteElo "1889"]
[BlackElo "2386"]
[Result "0-1"]
[Round "01"]
[TimeControl "180+2"]
[Date "2023.05.23"]
[WhiteClock "0:00:00"]
[BlackClock "0:00:06"]

1. e4 e5 2. Nf3 Nc6 3. Bc4 Nf6 4. Ng5 d5 5. exd5 Na5 6. Bb5+ c6 7. dxc6 bxc6 8. Be2 h6 9. Nh3 Bd6 10. d3 O-O 11. O-O c5 12. Nc3 Nc6 13. Bf3 Bd7 14. Kh1 Rb8 15. Ng1 Nd4 16. Be4 Bg4 17. f3 Be6 18. Nce2 Nh5 19. c3 Nxe2 20. Nxe2 f5 21. Bc6 Qh4 22. Qe1 Qf6 23. Bd2 Rxb2 24. Qc1 Rfb8 25. Ba4 R2b6 26. c4 Bf7 27. Nc3 a6 28. Nd5 Bxd5 29. cxd5 Qh4 30. Kg1 Qxa4 31. Bxh6 Qd4+ 32. Kh1 Qh4 33. Kg1 Ng3 34. hxg3 Qxh6 35. Qxh6 Rb4 36. Qxd6 Kh7 37. Qxe5 Rd4 38. Qxf5+ g6 39. Qf7+ Kh6 40. Rfb1 Rf8 41. Qxf8+ Kg5 0-1


[Site "https://www.chess.com"]

[Event "Titled Tuesday Blitz May 23 Early 2023"]
[White "Reprintsev, Alexander"]
[Black "Vargas, Mauricio"]
[WhiteFideId "14100541"]
[BlackFideId "4404572"]
[WhiteElo "2218"]
[BlackElo "1986"]
[Result "1-0"]
[Round "01"]
[TimeControl "180+2"]
[Date "2023.05.23"]
[WhiteClock "0:01:58"]
[BlackClock "0:00:00"]

1. e4 c5 2. b3 Nc6 3. Bb2 a6 4. Nf3 d6 5. d4 cxd4 6. Nxd4 Nf6 7. Nxc6 bxc6 8. e5 Nd5 9. c4 Nf4 10. g3 Ng6 11. Bg2 Bb7 12. exd6 exd6 13. O-O f6 14. Nc3 Be7 15. Qd2 O-O 16. Rad1 Re8 17. Ba3 c5 18. Bxb7 Rb8 19. Bc6 Rf8 20. Bb2 Qc7 21. Bd5+ Kh8 22. f4 Rb6 23. Rfe1 a5 24. Be4 Rfb8 25. Nd5 Qa7 26. Bxg6 hxg6 27. Rxe7 1-0


[Site "https://www.chess.com"]

[Event "Titled Tuesday Blitz May 23 Early 2023"]
[White "Sanchez, Robert"]
[Black "Berezin, Viktor"]
[WhiteFideId "2034360"]
[BlackFideId "14107872"]
[WhiteElo "1840"]
[BlackElo "2310"]
[Result "0-1"]
[Round "01"]
[TimeControl "180+2"]
[Date "2023.05.23"]
[WhiteClock "0:02:09"]
[BlackClock "0:01:51"]

1. e4 g6 2. d4 Bg7 3. Nc3 d6 4. Be3 Nf6 5. f3 c6 6. Qd2 b5 7. O-O-O b4 8. Nce2 Qa5 9. Kb1 Nbd7 10. Nc1 Rb8 11. Nb3 Qc7 12. h4 h5 13. Nh3 Nb6 14. Ng5 Nh7 15. Nxh7 Rxh7 16. f4 Nd7 17. e5 a5 18. Nc1 Nb6 19. Bd3 Nd5 20. Rdf1 e6 21. Be4 Nc3+ 0-1


[Site "https://www.chess.com"]

[Event "Titled Tuesday Blitz May 23 Early 2023"]
[White "SereneSalmon"]
[Black "Butolo, Alexandru-Mircea"]
[BlackFideId "1261649"]
[WhiteElo "2512"]
[BlackElo "1850"]
[Result "1-0"]
[Round "01"]
[TimeControl "180+2"]
[Date "2023.05.23"]
[WhiteClock "0:01:31"]
[BlackClock "0:00:25"]

1. Nf3 Nf6 2. g3 b5 3. Bg2 Bb7 4. O-O e6 5. d3 Be7 6. e4 O-O 7. Nbd2 d6 8. a4 b4 9. Re1 c5 10. c3 bxc3 11. bxc3 Nbd7 12. d4 cxd4 13. cxd4 d5 14. e5 Ne4 15. Nxe4 dxe4 16. Nd2 f5 17. exf6 Nxf6 18. Nxe4 Bb4 19. Nxf6+ Qxf6 20. Re2 Bxg2 21. Kxg2 Bc3 22. Bb2 Qf3+ 23. Kg1 Rad8 24. Ra3 Rc8 25. Rxc3 Rxc3 26. Bxc3 Qxc3 27. Rxe6 Qc4 28. Re3 Qa2 29. Re2 Qc4 30. d5 Rd8 31. d6 Qc6 32. Qb3+ Kf8 33. Re7 Qc1+ 34. Kg2 Qc6+ 35. Qf3+ Qxf3+ 36. Kxf3 a5 37. Ra7 Rxd6 38. Rxa5 Rd3+ 39. Kg2 Ra3 40. Ra7 Kg8 41. g4 h6 42. f4 Kh7 43. f5 Ra2+ 44. Kg3 Ra3+ 45. Kh4 Kg8 46. Kh5 Rh3+ 47. Kg6 1-0


[Site "https://www.chess.com"]

[Event "Titled Tuesday Blitz May 23 Early 2023"]
[White "Silva Rosas, Natalia"]
[Black "Hamley, Ryan"]
[WhiteFideId "3000575"]
[BlackFideId "30959497"]
[WhiteElo "1651"]
[BlackElo "2512"]
[Result "0-1"]
[Round "01"]
[TimeControl "180+2"]
[Date "2023.05.23"]
[WhiteClock "0:00:11"]
[BlackClock "0:00:49"]

1. e4 d6 2. d4 Nf6 3. Nc3 c6 4. Nf3 Qa5 5. Bd3 e5 6. dxe5 dxe5 7. Bd2 Qc7 8. O-O Be7 9. Re1 Nbd7 10. Bg5 h6 11. Be3 Nc5 12. Bxc5 Bxc5 13. a3 a5 14. h3 O-O 15. Ne2 Rd8 16. Ng3 Be6 17. Qe2 b5 18. Rad1 Re8 19. c3 Rab8 20. Nh4 b4 21. axb4 axb4 22. c4 b3 23. Nhf5 Qb6 24. Rf1 Red8 25. Nh5 Nxh5 26. Qxh5 Bf8 27. Kh1 g6 28. Nxh6+ Kh7 29. Qh4 Bxh6 30. g4 Kg7 31. g5 Rh8 32. gxh6+ Rxh6 33. Qg5 Rxh3+ 34. Kg2 Rh5 35. Qe7 Rb7 36. Qa3 Rg5+ 37. Kh2 Rb8 0-1


[Site "https://www.chess.com"]

[Event "Titled Tuesday Blitz May 23 Early 2023"]
[White "Sarana, Alexey"]
[Black "TimGrutter03"]
[WhiteFideId "24133795"]
[WhiteElo "2714"]
[BlackElo "2631"]
[Result "1-0"]
[Round "02"]
[TimeControl "180+2"]
[Date "2023.05.23"]
[WhiteClock "0:00:06"]
[BlackClock "0:00:03"]

1. c4 g6 2. e4 Bg7 3. d4 d6 4. Nc3 Nf6 5. Bd3 Nc6 6. Nge2 e5 7. d5 Ne7 8. f3 Nd7 9. Be3 f5 10. Qd2 O-O 11. h4 b6 12. h5 f4 13. Bf2 g5 14. h6 Bf6 15. Bc2 a5 16. Nb5 Nc5 17. Nec3 Kh8 18. a3 Rg8 19. O-O-O Bd7 20. b3 Rg6 21. Rh5 Rc8 22. Kb2 Qe8 23. Rdh1 Qf8 24. b4 Nb7 25. Ba4 Be8 26. Na7 Ra8 27. Bxe8 Qxe8 28. Nab5 Qd7 29. Kb3 g4 30. Na4 gxf3 31. gxf3 Rg2 32. Qe1 Rag8 33. R5h2 R8g6 34. Rxg2 Rxg2 35. Qf1 Rg6 36. Qd3 Ng8 37. c5 bxc5 38. bxc5 dxc5 39. Nxc5 Nxc5+ 40. Bxc5 Be7 41. Bxe7 Qxe7 42. Qc3 a4+ 43. Kxa4 Rb6 44. Rc1 Qe8 45. Qc5 Nxh6 46. Kb4 Nf7 47. a4 Nd6 48. Qxc7 Rxb5+ 49. axb5 Qxb5+ 50. Kc3 Qe2 51. Qd8+ Kg7 52. Qe7+ Kh6 53. Rh1+ Kg6 54. Rg1+ Kh6 55. Qg5# 1-0


[Site "https://www.chess.com"]

[Event "Titled Tuesday Blitz May 23 Early 2023"]
[White "Skliarov, Viktor"]
[Black "Dubov, Daniil"]
[WhiteFideId "14106736"]
[BlackFideId "24126055"]
[WhiteElo "2317"]
[BlackElo "2793"]
[Result "0-1"]
[Round "02"]
[TimeControl "180+2"]
[Date "2023.05.23"]
[WhiteClock "0:00:07"]
[BlackClock "0:00:27"]

1. e4 c5 2. Nf3 Nc6 3. Bb5 e6 4. Bxc6 bxc6 5. d3 Ne7 6. Qe2 d6 7. e5 d5 8. O-O Nf5 9. c4 Be7 10. Nc3 h5 11. Na4 g5 12. b3 g4 13. Ne1 Nd4 14. Qd1 Qc7 15. Nc2 Qxe5 16. Nxd4 cxd4 17. f4 Qf5 18. Bb2 c5 19. Rc1 dxc4 20. Rxc4 Ba6 21. Rc1 Bxd3 22. Re1 Be4 23. Bxd4 Rd8 24. Nxc5 Bxg2 25. Qc2 Qxc2 26. Rxc2 Rxd4 27. Kxg2 Rxf4 28. Nd3 Rd4 29. Ne5 Bf6 30. Rc8+ Rd8 31. Rxd8+ Bxd8 32. Nc6 Bb6 33. Rd1 f5 34. a4 Kf7 35. Rd7+ Kf6 36. Nxa7 Bxa7 37. Rxa7 Rb8 38. Rh7 Kg6 39. Re7 Kf6 40. Rh7 Rxb3 41. Rxh5 Ra3 42. Rh6+ Ke5 43. h3 gxh3+ 44. Rxh3 Rxh3 45. Kxh3 Kd5 46. Kg3 e5 47. Kf3 Kc6 0-1


[Site "https://www.chess.com"]

[Event "Titled Tuesday Blitz May 23 Early 2023"]
[White "Martinez Alcantara, Jose Eduardo"]
[Black "Ambartsumova, Karina"]
[WhiteFideId "3805662"]
[BlackFideId "4166299"]
[WhiteElo "2711"]
[BlackElo "2240"]
[Result "1-0"]
[Round "02"]
[TimeControl "180+2"]
[Date "2023.05.23"]
[WhiteClock "0:00:38"]
[BlackClock "0:00:00"]

1. e4 e5 2. Nf3 Nc6 3. Bb5 Nf6 4. d3 d6 5. c3 Bd7 6. O-O g6 7. h3 Bg7 8. Be3 O-O 9. Nbd2 Nh5 10. a4 Qe8 11. d4 Kh8 12. dxe5 dxe5 13. Bc4 b6 14. Re1 Rd8 15. Qc2 f5 16. Bg5 Nf6 17. Bb5 fxe4 18. Nxe4 Bf5 19. Bxf6 Bxf6 20. Qe2 Bg7 21. Qc4 Bd7 22. Rad1 Na5 23. Qxc7 Bxb5 24. Rxd8 Qxd8 25. Qxd8 Rxd8 26. axb5 Rd5 27. b4 Nc4 28. Ra1 Rd7 29. Kf1 Kg8 30. Ke2 h6 31. Nfd2 Nb2 32. g3 Kf7 33. Ra2 Nd3 34. Rc2 Bf8 35. Nb3 Ke6 36. Rd2 1-0


[Site "https://www.chess.com"]

[Event "Titled Tuesday Blitz May 23 Early 2023"]
[White "Iskusnyh, Sergei"]
[Black "Bortnyk, Olexandr"]
[WhiteFideId "4120027"]
[BlackFideId "14120828"]
[WhiteElo "2492"]
[BlackElo "2734"]
[Result "0-1"]
[Round "02"]
[TimeControl "180+2"]
[Date "2023.05.23"]
[WhiteClock "0:00:00"]
[BlackClock "0:00:07"]

1. d4 d6 2. Nf3 Nf6 3. c4 g6 4. g3 Bg7 5. Bg2 O-O 6. Nc3 Bf5 7. O-O Ne4 8. Nh4 Nxc3 9. bxc3 Bc8 10. Qb3 Nc6 11. e4 Na5 12. Qa4 b6 13. f4 Ba6 14. e5 Bxc4 15. Re1 Rc8 16. Be3 c5 17. Rad1 cxd4 18. cxd4 Qe8 19. Qa3 dxe5 20. dxe5 Be6 21. Bf2 Rc2 22. Bd5 Bxd5 23. Rxd5 Qc6 24. Red1 Qe6 25. Nf3 Qg4 26. Rd8 h6 27. Rxf8+ Bxf8 28. Rd8 Rc8 29. Qxe7 Rxd8 30. Qxd8 Qxf3 31. e6 fxe6 32. Qd7 Qd5 33. Qxa7 Nc4 34. Qb8 b5 35. Qe8 Qd1+ 36. Kg2 Qd5+ 37. Kg1 Qf5 38. h4 h5 39. Qc8 Nd2 40. Qc6 Ne4 41. Be1 Qc5+ 42. Qxc5 Bxc5+ 0-1


[Site "https://www.chess.com"]

[Event "Titled Tuesday Blitz May 23 Early 2023"]
[White "Grischuk, Alexander"]
[Black "Levitskiy, Andrey"]
[WhiteFideId "4126025"]
[BlackFideId "14132885"]
[WhiteElo "2721"]
[BlackElo "2347"]
[Result "1-0"]
[Round "02"]
[TimeControl "180+2"]
[Date "2023.05.23"]
[WhiteClock "0:00:03"]
[BlackClock "0:00:00"]

1. e4 c5 2. Nc3 g6 3. Nf3 Bg7 4. d4 cxd4 5. Nxd4 Nc6 6. Be3 Nf6 7. Bc4 O-O 8. Bb3 d6 9. f3 Bd7 10. h4 h5 11. Qd2 Rc8 12. Nxc6 bxc6 13. Bh6 c5 14. Bxg7 Kxg7 15. Bc4 Rb8 16. b3 Qc8 17. Nd5 Nxd5 18. Bxd5 Be6 19. O-O Kh7 20. Qg5 f6 21. Qe3 Rg8 22. Rad1 Rg7 23. Bxe6 Qxe6 24. Rd5 Rf8 25. c4 Rfg8 26. f4 Qg4 27. e5 fxe5 28. fxe5 Qxh4 29. exd6 exd6 30. Rxd6 Re7 31. Qxc5 Rge8 32. Rdf6 Re1 33. Qxa7+ Kh6 34. Rf7 Rxf1+ 35. Rxf1 Re1 36. Qf2 Rxf1+ 37. Kxf1 Qe4 38. Qd2+ Kh7 39. Kf2 h4 40. a4 Qf5+ 41. Ke3 Qg5+ 42. Kd3 Qg3+ 43. Kc2 g5 44. a5 g4 45. a6 Qc7 46. Qg5 h3 47. Qh5+ 1-0


[Site "https://www.chess.com"]

[Event "Titled Tuesday Blitz May 23 Early 2023"]
[White "Paravyan, David"]
[Black "Kononenko, Dmitry"]
[WhiteFideId "4194985"]
[BlackFideId "14113538"]
[WhiteElo "2563"]
[BlackElo "2198"]
[Result "1-0"]
[Round "02"]
[TimeControl "180+2"]
[Date "2023.05.23"]
[WhiteClock "0:01:05"]
[BlackClock "0:00:00"]

1. e4 c6 2. d4 d5 3. e5 Bf5 4. h4 h5 5. Bd3 Bxd3 6. Qxd3 e6 7. Nf3 Ne7 8. Bg5 Qa5+ 9. Nbd2 Qb5 10. c4 dxc4 11. Nxc4 Nf5 12. O-O Nd7 13. a4 Qb4 14. Bd2 Qe7 15. b4 Nb6 16. b5 Nxc4 17. Qxc4 Rc8 18. a5 Qd7 19. Rfc1 c5 20. Bg5 b6 21. axb6 axb6 22. Ra6 Qb7 23. Rca1 Be7 24. Ra7 Qd5 25. Qxd5 exd5 26. Bxe7 Nxe7 27. dxc5 Rxc5 28. Ng5 d4 29. Ne4 Nc8 30. Nxc5 Nxa7 31. Rxa7 O-O 32. Nd3 Rc8 33. Rd7 1-0


[Site "https://www.chess.com"]

[Event "Titled Tuesday Blitz May 23 Early 2023"]
[White "Agibileg, Uurtsaikh"]
[Black "Madaminov, Mukhiddin"]
[WhiteFideId "4901606"]
[BlackFideId "14210703"]
[WhiteElo "2353"]
[BlackElo "2511"]
[Result "0-1"]
[Round "02"]
[TimeControl "180+2"]
[Date "2023.05.23"]
[WhiteClock "0:00:01"]
[BlackClock "0:01:03"]

1. d4 e6 2. c4 b6 3. Nc3 Bb7 4. e4 Bb4 5. f3 f5 6. exf5 Nh6 7. Bd3 Nxf5 8. Bxf5 exf5 9. Ne2 O-O 10. O-O Nc6 11. Kh1 Ne7 12. Bg5 h6 13. Bh4 g5 14. Bf2 Ng6 15. Qd2 Qf6 16. a3 Bxc3 17. Nxc3 Rae8 18. Rae1 c6 19. Bg3 Ba6 20. b3 d5 21. Rxe8 Rxe8 22. Re1 Rxe1+ 23. Qxe1 dxc4 24. Qe8+ Nf8 25. Be5 Qe6 26. Qb8 cxb3 27. Qxa7 Nd7 28. Qa8+ Kh7 29. Qxa6 Nxe5 30. Qe2 Qc4 31. Qe3 Qf1+ 32. Qg1 Qxg1+ 33. Kxg1 Nc4 34. Kf2 Nxa3 35. Na4 b5 36. Nb2 Nc4 37. Nd1 b2 38. Nc3 b4 39. Nb1 Na3 0-1


[Site "https://www.chess.com"]

[Event "Titled Tuesday Blitz May 23 Early 2023"]
[White "Lenderman, Aleksandr"]
[Black "Lewicki, Miroslaw"]
[WhiteFideId "2021285"]
[BlackFideId "1113380"]
[WhiteElo "2607"]
[BlackElo "2212"]
[Result "1-0"]
[Round "02"]
[TimeControl "180+2"]
[Date "2023.05.23"]
[WhiteClock "0:00:32"]
[BlackClock "0:00:01"]

1. e4 b6 2. d4 Bb7 3. Bd3 g6 4. Nf3 Bg7 5. O-O d6 6. c4 Nf6 7. Nc3 O-O 8. Re1 c5 9. d5 Nbd7 10. Bf4 Nh5 11. Be3 Ne5 12. Nxe5 Bxe5 13. Qd2 Qd7 14. f4 Bg7 15. Rf1 e6 16. dxe6 fxe6 17. Rad1 Rad8 18. Be2 Bxc3 19. Qxc3 Bxe4 20. f5 exf5 21. Bxh5 gxh5 22. Bg5 Rde8 23. Bh6 Rf7 24. Qg3+ Kh8 25. Rxd6 Qe7 26. Rfd1 f4 27. Qc3+ Kg8 28. Qh3 Bg6 29. Rd7 Qe2 30. R7d2 Qe4 31. Qc3 h4 32. Rf2 h3 33. Qxh3 Qxc4 34. b3 Qe4 35. Qc3 Qe3 36. Qb2 Bh5 37. Rf1 Qd4 38. Qxd4 cxd4 39. Rxf4 d3 40. Rd4 Rxf1+ 41. Kxf1 Bg6 42. Rd7 a6 43. Rg7+ Kh8 44. Ra7 a5 45. Rb7 Kg8 46. Rxb6 Re2 47. Rf6 Bf7 48. Rd6 Rxa2 49. Rd8+ Be8 50. Rxe8+ Kf7 51. Rd8 Ra1+ 52. Kf2 Kg6 53. Bd2 Rb1 54. Rxd3 1-0


[Site "https://www.chess.com"]

[Event "Titled Tuesday Blitz May 23 Early 2023"]
[White "Isajevsky, Anton"]
[Black "Hakobyan, Aram"]
[WhiteFideId "4142500"]
[BlackFideId "13306677"]
[WhiteElo "2510"]
[BlackElo "2584"]
[Result "1-0"]
[Round "02"]
[TimeControl "180+2"]
[Date "2023.05.23"]
[WhiteClock "0:00:04"]
[BlackClock "0:00:01"]

1. c4 Nf6 2. Nf3 e6 3. Nc3 d5 4. e3 c6 5. b3 Bd6 6. Qc2 e5 7. cxd5 cxd5 8. Nb5 Nc6 9. Nxd6+ Qxd6 10. Bb5 O-O 11. Bxc6 bxc6 12. Bb2 e4 13. Ne5 Bb7 14. Rc1 Rfe8 15. f4 exf3 16. Nxf3 Nd7 17. O-O f6 18. Nd4 Ne5 19. Nf5 Qd7 20. Bxe5 Rxe5 21. Nd4 Rc8 22. Qc5 Ba8 23. Rc3 Rd8 24. Rfc1 h5 25. Nxc6 Bxc6 26. Qxc6 d4 27. Qxd7 Rxd7 28. Rc7 Rxc7 29. Rxc7 dxe3 30. dxe3 a5 31. Kf2 Kh7 32. Kf3 Kg6 33. h4 Rf5+ 34. Ke2 Re5 35. g3 Re4 36. Ra7 Re5 37. Kf3 Rc5 38. a4 Rc3 39. Rb7 Rc1 40. Rb5 Rb1 41. Rxa5 Rxb3 42. Rb5 Ra3 43. a5 Kh6 44. Kf4 Ra4+ 45. e4 Kg6 46. Rc5 Ra3 47. Rf5 Ra1 48. Rd5 Ra3 49. Rb5 Ra4 50. Kf3 Ra3+ 51. Kf2 Kf7 52. e5 fxe5 53. Rxe5 g6 54. Rg5 Kf6 55. Ke2 Kf7 56. Kd2 Kf6 57. Kc2 Kf7 58. Kb2 Ra4 59. Kb3 Ra1 60. Kb4 Kf6 61. Kb5 Rb1+ 62. Kc6 Rc1+ 63. Kb6 Rb1+ 64. Kc7 Ra1 65. Kb6 Rb1+ 66. Ka7 Ra1 67. a6 Rb1 68. Ka8 Rb3 69. a7 Kf7 70. Rc5 Ke7 71. Rc8 Kd7 72. Rb8 Rxg3 73. Kb7 Rb3+ 74. Ka6 Ra3+ 75. Kb6 Rb3+ 76. Kc5 Rc3+ 77. Kd4 1-0


[Site "https://www.chess.com"]

[Event "Titled Tuesday Blitz May 23 Early 2023"]
[White "Svane, Rasmus"]
[Black "Kleiman, Jake"]
[WhiteFideId "4657101"]
[BlackFideId "2020041"]
[WhiteElo "2601"]
[BlackElo "2610"]
[Result "1-0"]
[Round "02"]
[TimeControl "180+2"]
[Date "2023.05.23"]
[WhiteClock "0:00:16"]
[BlackClock "0:00:06"]

1. Nf3 Nf6 2. g3 e6 3. Bg2 d5 4. O-O b5 5. d3 Be7 6. c4 bxc4 7. dxc4 c6 8. Qc2 O-O 9. b3 a5 10. Nc3 Ba6 11. Rd1 Qc7 12. Bf4 Qa7 13. Be3 Bc5 14. Bxc5 Qxc5 15. Rac1 Nbd7 16. cxd5 cxd5 17. Nxd5 Nxd5 18. Qxc5 Nxc5 19. Rxc5 Bxe2 20. Rd2 Bxf3 21. Bxf3 Rfc8 22. Bxd5 exd5 23. Rxc8+ Rxc8 24. Rxd5 Ra8 25. a4 g6 26. Kg2 Kg7 27. Kf3 h5 28. Ke4 Kf6 29. f4 Ke6 30. Kd4 Rb8 31. Rb5 Rd8+ 32. Ke3 Ra8 33. h3 Ra7 34. g4 hxg4 35. hxg4 f5 36. gxf5+ gxf5 37. Kd4 Rd7+ 38. Kc4 Rc7+ 39. Rc5 Rh7 40. Re5+ Kf6 41. Rxa5 Rh4 42. Ra6+ Ke7 43. Kd5 Rxf4 44. Rb6 Rf1 45. a5 Ra1 46. b4 f4 47. Ke4 Kd7 48. Kxf4 Re1 49. a6 Kc7 50. Rb7+ Kc8 51. b5 Re2 52. Kf5 Re1 53. Rb6 Kc7 54. Rc6+ Kb8 55. b6 Ra1 56. b7 Ka7 57. Rc8 Rb1 58. Ra8+ 1-0


[Site "https://www.chess.com"]

[Event "Titled Tuesday Blitz May 23 Early 2023"]
[White "Tasev, Dejan"]
[Black "Makarian, Rudik"]
[WhiteFideId "936618"]
[BlackFideId "44105681"]
[WhiteElo "2244"]
[BlackElo "2461"]
[Result "1-0"]
[Round "02"]
[TimeControl "180+2"]
[Date "2023.05.23"]
[WhiteClock "0:00:05"]
[BlackClock "0:00:03"]

1. e4 c5 2. Nf3 Nc6 3. Nc3 e6 4. g3 Nf6 5. Bg2 d6 6. O-O Be7 7. d3 O-O 8. b3 Nd7 9. Bb2 Bf6 10. a4 Nd4 11. Qc1 a6 12. Nxd4 Bxd4 13. Ne2 Bf6 14. f4 Rb8 15. a5 Re8 16. f5 Ne5 17. h3 exf5 18. Nf4 fxe4 19. Bxe4 g6 20. Kg2 Bg7 21. Bd5 Bd7 22. Qd2 Bc6 23. Rae1 Qd7 24. d4 cxd4 25. Bxd4 Re7 26. c4 Rbe8 27. Qc3 Kh8 28. g4 f5 29. g5 Qd8 30. h4 Rd7 31. Re3 Ng4 32. Rxe8+ Qxe8 33. Re1 Ne5 34. Kg3 Re7 35. Re3 h6 36. b4 Kh7 37. h5 hxg5 38. Nxg6 f4+ 39. Nxf4 gxf4+ 40. Kxf4 Qxh5 41. Rh3 Ng6+ 42. Kg3 Qxh3+ 43. Kxh3 Nf4+ 44. Kg4 Bxd5 45. cxd5 Ng6 46. Bxg7 Rxg7 47. Kf5 Ne5 48. Qh3+ Kg8 49. Ke6 Rg6+ 50. Ke7 Kg7 51. Kd8 Rf6 52. Kc7 Nc4 53. Kxb7 Ne5 54. Kxa6 Rf3 55. Qg2+ Kf6 56. b5 Ra3 57. b6 Nc4 58. Qf1+ Ke5 59. Qxc4 1-0


[Site "https://www.chess.com"]

[Event "Titled Tuesday Blitz May 23 Early 2023"]
[White "Filgueira, Hernan"]
[Black "Demchenko, Anton"]
[WhiteFideId "101770"]
[BlackFideId "4160258"]
[WhiteElo "2363"]
[BlackElo "2545"]
[Result "0-1"]
[Round "02"]
[TimeControl "180+2"]
[Date "2023.05.23"]
[WhiteClock "0:00:04"]
[BlackClock "0:01:10"]

1. e4 e5 2. Nf3 Nc6 3. Bb5 a6 4. Ba4 Nge7 5. c3 Ng6 6. d4 exd4 7. cxd4 Bb4+ 8. Nc3 d5 9. exd5 Bxc3+ 10. bxc3 Qxd5 11. h3 O-O 12. O-O Na5 13. Re1 b5 14. Bc2 Bf5 15. Bxf5 Qxf5 16. a4 Nc4 17. Be3 c6 18. axb5 cxb5 19. Nd2 Nd6 20. Qg4 Qd5 21. Qf3 Qxf3 22. Nxf3 Rfc8 23. Rec1 Ne7 24. Bd2 Nd5 25. Be1 f6 26. Kf1 a5 27. g3 a4 28. Rab1 a3 29. Ra1 Ra4 30. Bd2 Nc4 31. Ke2 Re8+ 32. Kf1 g5 33. Be1 Kf7 34. Ng1 h5 35. Ne2 h4 36. gxh4 gxh4 37. Ng1 Nf4 38. Nf3 Nxh3 39. Nxh4 Rh8 40. Nf3 Nf4 41. Bd2 Rh1+ 0-1


[Site "https://www.chess.com"]

[Event "Titled Tuesday Blitz May 23 Early 2023"]
[White "Manukyan, Sargis A."]
[Black "Zhigalko, Sergei"]
[WhiteFideId "13303970"]
[BlackFideId "13502956"]
[WhiteElo "2187"]
[BlackElo "2626"]
[Result "1-0"]
[Round "02"]
[TimeControl "180+2"]
[Date "2023.05.23"]
[WhiteClock "0:00:08"]
[BlackClock "0:00:00"]

1. d4 d5 2. c4 e6 3. Nc3 c6 4. e3 Bd6 5. Nf3 f5 6. Bd3 Nf6 7. O-O O-O 8. Ne5 b6 9. f4 Bb7 10. b3 Nbd7 11. Qe2 Ne4 12. Nxe4 fxe4 13. Bc2 Nxe5 14. fxe5 Rxf1+ 15. Qxf1 Bb4 16. Bb2 Qg5 17. Qe2 Rf8 18. Rf1 Rxf1+ 19. Kxf1 Ba6 20. Bd1 Qh6 21. h3 Qh4 22. a3 Be7 23. Qg4 Qh6 24. Be2 Kf7 25. Qf4+ Kg6 26. Qg4+ Kf7 27. Qf4+ Qxf4+ 28. exf4 g5 29. g3 gxf4 30. gxf4 Kg6 31. Kf2 h5 32. Ke3 Bf8 33. a4 Bh6 34. Ba3 Kf5 35. Bxh5 Bxf4+ 36. Ke2 dxc4 37. Bg4+ Kg6 38. bxc4 Bxc4+ 39. Kf2 e3+ 40. Kf3 e2 41. Bb4 Bg5 42. Be1 c5 43. Ke4 Bd5+ 44. Kd3 cxd4 45. Kxd4 Bc6 46. Bxe2 Bxa4 47. Bd3+ Kf7 48. h4 Be7 49. h5 Bc6 50. h6 Bc5+ 51. Kc4 Be3 52. h7 Kg7 53. Bh4 1-0


[Site "https://www.chess.com"]